 Dungeon Crawl Stone Soup version 0.30.0-29-ga12c61a403 (webtiles) character file.

Game seed: 127019424993200963

5501 JanusIIV the Skirmisher (level 10, -2/59 HPs)
             Began as a Deep Elf Hunter on June 4, 2023.
             Was an Initiate of Dithmenos.
             Slain by a slime creature (15 damage)
             ... on level 11 of the Dungeon on June 5, 2023.
             The game lasted 00:15:03 (6975 turns).

JanusIIV the Skirmisher (Deep Elf Hunter)           Turns: 6975, Time: 00:15:04

Health: -2/59      AC: 13    Str:  8    XL:     10   Next: 42%
Magic:  12/12      EV: 17    Int: 15    God:    Dithmenos [......]
Gold:   482        SH:  0    Dex: 25    Spells: 9/9 levels left

rFire   . . .        G - +0 arbalest
rCold   . . .        (shield currently unavailable)
rNeg    . . .        a - +0 acid dragon scales
rPois   .            z - +0 helmet
rElec   .            v - +2 cloak
rCorr   +            u - +0 pair of gloves {Dex+3}
SInv    .            (no boots)
Will    +....        (no amulet)
Stlth   ++++         (no ring)
HPRegen 0.29/turn    (no ring)
MPRegen 0.13/turn

%: no passive effects
@: hasted, very quick
A: no striking features
a: Renounce Religion


You were on level 11 of the Dungeon.
You worshipped Dithmenos.
Dithmenos was noncommittal.
You visited 2 branches of the dungeon, and saw 10 of its levels.

You collected 482 gold pieces.

Inventory:

Hand Weapons
 G - a +0 arbalest (weapon)
Armour
 a - +0 acid dragon scales (worn)
 g - the +5 chain mail of Fun and Games {rPois rC+ rN++ rCorr}
   (You found it on level 11 of the Dungeon)

   rC:        It protects you from cold.
   rPois:     It protects you from poison.
   rN:        It greatly protects you from negative energy.
   rCorr:     It protects you from acid and corrosion.
 m - a +3 ring mail of fire resistance
 u - a +0 pair of gloves of dexterity (worn)
 v - a +2 cloak (worn)
 z - a +0 helmet (worn)
Jewellery
 i - a ring of resist corrosion
 l - a ring of protection from cold
 y - a ring of protection from fire
 E - a +6 ring of strength
 L - a ring of protection from fire
Wands
 t - a wand of flame (43)
 J - a wand of digging (5)
Scrolls
 b - 2 scrolls of immolation
 c - 3 scrolls of identify
 d - 5 scrolls of teleportation
 f - a scroll of acquirement {unknown}
 k - 2 scrolls of poison
 B - 2 scrolls of enchant weapon
 I - a scroll of magic mapping
Potions
 h - a potion of mutation
 n - a potion of might
 p - 2 potions of haste
 s - 2 potions of berserk rage {unknown}
 x - 4 potions of magic
 C - 2 potions of brilliance
 D - a potion of cancellation {unknown}
 F - a potion of flight {unknown}
 K - 2 potions of curing


   Skills:
 - Level 5.0 Fighting
 + Level 13.6 Ranged Weapons
 - Level 5.0 Armour
 + Level 8.0 Dodging
 + Level 8.1 Stealth


You had 9 spell levels left.
You didn't know any spells.
Your spell library contained the following spells:

 Spells                   Type           Power      Damage    Failure   Level
 Beastly Appendage        Tmut           0%         N/A       41%         1
 Kiss of Death            Conj/Necr      0%         2d5       41%         1
 Sting                    Tmut/Pois      0%         1d3       41%         1
 Poisonous Vapours        Pois/Air       0%         N/A       56%         2
 Static Discharge         Conj/Air       0%         2-2/arc   56%         2
 Wereblood                Tmut           0%         N/A       56%         2
 Confusing Touch          Hex            0%         N/A       80%         3
 Portal Projectile        Hex/Tloc       0%         N/A       80%         3
 Spider Form              Tmut/Pois      0%         N/A       80%         3
 Summon Guardian Golem    Hex/Summ       0%         N/A       80%         3
 Tukima's Dance           Hex            0%         N/A       80%         3
 Airstrike                Air            0%         2d(0-16)  99%         4
 Dispel Undead            Necr           0%         3d6       99%         4
 Olgreb's Toxic Radiance  Pois           0%         N/A       99%         4
 Summon Lightning Spire   Summ/Air       0%         N/A       99%         4
 Blade Hands              Tmut           0%         N/A       100%        5
 Orb of Destruction       Conj           0%         9d5       100%        7
 Spellforged Servitor     Conj/Summ      0%         N/A       100%        7


Dungeon Overview and Level Annotations

Branches:
Dungeon (8/15)             Temple (1/1) D:4            Lair (0/5) D:8

Altars:
Dithmenos
Kikubaaqudgha
Ru

Annotations:
D:3 2 transporters, ryak's ghost, amateur VSBr
D:11 Urug


Message History

The yaktaur shouts!
The bolt hits the cyclops!
The cyclops is almost dead.
You hear a shout!
The cyclops throws a large rock.
The large rock hits you!!
* * * LOW HITPOINT WARNING * * *
Fire: G) +0 arbalest
Press: ? - help, Q - select action, (/) - cycle Shift-Dir - straight line, f/p - cyclops
Aim: a cyclops, quivering large rocks (almost dead, 88% to hit)
You shoot a bolt. The bolt hits the cyclops!
You kill the cyclops!
Dithmenos accepts your kill.
The yaktaur wields a +0 arbalest.
The yaktaur shoots a bolt.
The bolt misses you.
Your Dodging skill increases to level 8!
Your Stealth skill increases to level 8!
Okay, then.
You feel yourself speed up.
The yaktaur shoots a bolt.
The bolt hits you!
* * * LOW HITPOINT WARNING * * *
The slime creature quivers.
The slime creature misses you.
Fire: G) +0 arbalest
Press: ? - help, Q - select action, (/) - cycle Shift-Dir - straight line, f - slime creature
Aim: a slime creature (85% to hit)
You shoot a bolt. The bolt hits the slime creature!
The slime creature is lightly wounded.
Fire: G) +0 arbalest
Press: ? - help, Q - select action, (/) - cycle Shift-Dir - straight line, f/p - slime creature
Aim: a slime creature (lightly wounded, 85% to hit)
You shoot a bolt. The bolt hits the slime creature!
The slime creature is moderately wounded.
The slime creature completely misses you.
You shoot a bolt.
The bolt hits the slime creature but does no damage.
The slime creature is moderately wounded.
You shoot a bolt. The bolt hits the slime creature!
The slime creature is heavily wounded.
The slime creature hits you!
You die...

#.....#.........# .C.#..
#.##########....# .#...#
####..# ##### ###.## ##.##
#...#.#
###.C.#.............@J...#
...#..
###.##....##########.#
..C# .. #......$.#
#.############ ####..Y..#
#####.##.........c
#Y.....#
#........#########
#.Y..#H.# #.####.### #
#Y.Y.##... #...# ...
###### ... ....... ....
......#### ....


You could see a slime creature.

Vanquished Creatures
  A manticore (D:11)
  A cyclops (D:11)
  An elephant (D:8)
  An unseen horror (D:11)
  A shadow (D:11)
  A yak (D:8)
  A basilisk (D:7)
  Eustachio (D:4)
  An acid dragon (D:8)
  Duvessa (D:5)
  A water moccasin (D:8)
  2 sky beasts
  An orc warrior (D:8)
  An ice beast (D:8)
  An ogre (D:5)
  2 black bears
  3 phantoms
  4 centaurs
  3 kobold brigands
  3 bullfrogs
  2 scorpions (D:5)
  12 wights
  Dowan (D:5)
  4 killer bees (D:7)
  2 howler monkeys
  An electric eel (D:8)
  An orc priest (D:7)
  4 jellies
  Jessica (D:2)
  An iguana (D:5)
  2 orc wizards (D:7)
  Robin (D:4)
  7 gnolls
  7 adders
  A shadow imp (D:5)
  2 white imps (D:6)
  An ufetubus (D:4)
  3 worms
  4 dart slugs
  13 orcs
  7 ball pythons
  12 endoplasms
  4 giant cockroaches
  7 hobgoblins
  5 jackals (D:1)
  23 kobolds
  4 quokkas
  2 bats (D:1)
  3 frilled lizards
  22 goblins
  6 rats
196 creatures vanquished.

Vanquished Creatures (collateral kills)
  A black bear (D:7)
1 creature vanquished.

Grand Total: 197 creatures vanquished

Notes
Turn   | Place    | Note
-------+----------+-------------------------------------------
     0 | D:1      | JanusIIV the Deep Elf Hunter began the quest for the Orb.
     0 | D:1      | Reached XP level 1. HP: 12/12 MP: 3/3
   156 | D:1      | Reached XP level 2. HP: 17/17 MP: 4/4
   434 | D:1      | Reached skill level 6 in Ranged Weapons
   447 | D:1      | Reached XP level 3. HP: 17/21 MP: 5/5
   846 | D:2      | Reached XP level 4. HP: 27/27 MP: 6/6
   944 | D:2      | Noticed Jessica
   946 | D:2      | Killed Jessica
  1269 | D:2      | Found a shadowy altar of Dithmenos.
  1814 | D:3      | Noticed an ogre
  1815 | D:3      | Noticed ryak's ghost (amateur VSBr)
  1816 | D:3      | Found a transporter.
  1816 | D:3      | Noticed an ogre
  1830 | D:3      | Noticed an ogre
  1831 | D:3      | Found a transporter.
  1994 | D:3      | Reached skill level 7 in Ranged Weapons
  1994 | D:3      | Reached XP level 5. HP: 32/32 MP: 7/7
  2094 | D:4      | Found a staircase to the Ecumenical Temple.
  2105 | D:4      | Noticed Robin
  2115 | D:4      | Killed Robin
  2200 | D:4      | Noticed Eustachio
  2220 | D:4      | Killed Eustachio
  2221 | D:4      | Reached XP level 6. HP: 16/38 MP: 8/8
  2354 | D:4      | Reached skill level 8 in Ranged Weapons
  2763 | D:5      | Entered Level 5 of the Dungeon
  2813 | D:5      | Noticed Duvessa
  2815 | D:5      | Noticed Dowan
  2826 | D:5      | Killed Duvessa
  2827 | D:5      | Reached XP level 7. HP: 19/44 MP: 9/9
  2836 | D:5      | Reached skill level 9 in Ranged Weapons
  2860 | D:5      | Killed Dowan
  3022 | D:5      | Reached skill level 5 in Fighting
  3064 | D:5      | Reached skill level 1 in Armour
  3213 | D:5      | Reached XP level 8. HP: 40/49 MP: 10/10
  3605 | D:6      | Reached skill level 10 in Ranged Weapons
  4048 | D:6      | Reached skill level 5 in Dodging
  4048 | D:6      | Reached skill level 5 in Stealth
  4334 | D:7      | Reached XP level 9. HP: 37/54 MP: 11/11
  4388 | D:7      | Reached skill level 11 in Ranged Weapons
  4517 | D:7      | HP: 2/54 [killer bee (7)]
  4850 | D:7      | Found an ancient bone altar of Kikubaaqudgha.
  4964 | Temple   | Entered the Ecumenical Temple
  5027 | D:2      | Became a worshipper of Dithmenos the Shadowed
  5510 | D:8      | Found a staircase to the Lair.
  5510 | D:8      | Noticed an elephant
  5962 | D:8      | Reached skill level 12 in Ranged Weapons
  6286 | D:8      | Found a sacrificial altar of Ru.
  6288 | D:8      | Reached skill level 5 in Armour
  6392 | D:8      | Killed an elephant
  6393 | D:8      | Reached skill level 13 in Ranged Weapons
  6393 | D:8      | Reached XP level 10. HP: 59/59 MP: 12/12
  6438 | D:8      | You fall into a shaft and drop 3 floors!
  6492 | D:11     | Identified the +5 chain mail of Fun and Games {rPois rC+
                  | rN++ rCorr}
  6728 | D:11     | Noticed a cyclops
  6728 | D:11     | Noticed a cyclops
  6728 | D:11     | Noticed a cyclops
  6728 | D:11     | Noticed a cyclops
  6728 | D:11     | Noticed a cyclops
  6729 | D:11     | Noticed a manticore
  6736 | D:11     | Killed a manticore
  6740 | D:11     | Noticed Urug
  6761 | D:11     | Noticed a manticore
  6935 | D:11     | Noticed an elephant
  6949 | D:11     | Killed a cyclops
  6975 | D:11     | Slain by a slime creature

Illustrated notes

Levels and vault maps discovered:
D:1:      lemuel_arrival_tunnels, layout_basic, dk_noncrumbling_3, hex_large,
          chequers_avenue, minmay_indecisive_spiral
D:2:      layout_basic, basic_altar, uniq_jessica
D:3:      layout_basic, gammafunk_ghost_smash
D:4:      layout_basic, minmay_temple_entry_tees, minmay_increasing_density,
          uniq_robin, uniq_eustachio
D:5:      layout_basic, uniq_duvessa
D:6:      layout_loops_ring
D:7:      layout_cave_pools, mainiacjoe_overflow_boulevard, ldierk_geyser
D:8:      layout_layer_cave, nicolae_ru_sacrificial_ziggurat,
          david_lair_generic, serial_rivers, chequers_serial_rivers_micro_d,
          chequers_serial_rivers_micro_e, chequers_serial_rivers_micro_a,
          chequers_serial_rivers_marsh, chequers_serial_rivers_micro_a,
          serial_bayou_pond_b
D:11:     minmay_ambush_box, layout_basic, serial_shops, shop, uniq_urug
Temple:   mainiacjoe_temple_cubbyholes

Skill      XL: |  1  2  3  4  5  6  7  8  9 10 |
---------------+-------------------------------+-----
Fighting       | 2 3 4 5 |  5.0
Ranged Weapons | 6 7 8 9 10 13 | 13.6
Stealth        | 2 5 7 8 |  8.1
Armour         | 1 3 5 |  5.0
Dodging        | 3 5 7 8 |  8.0

Action                     |  1- 3 |  4- 6 |  7- 9 | 10-12 || total
---------------------------+-------+-------+-------+-------++-------
   Fire: Shortbow          |    79 |   178 |    66 |       ||   323
         Arbalest          |       |       |   222 |    30 ||   252
    Use: Potion            |       |       |    11 |     4 ||    15
         Scroll            |       |       |    19 |     2 ||    21
 Armour: Leather armour    |     7 |    20 |    66 |       ||    93
         Acid dragon scale |       |       |     2 |    16 ||    18
  Dodge: Dodged            |    22 |    42 |   159 |    15 ||   238
